AoeStats
← 穆哥

Arabia

508489167Analyzed
1v1 RM · 11d ago on Sep 22, 2026· 41m 41s· 2 players
Game mode
Random Map
Map size
Tiny (2 player)
Population
200
Speed
Normal
Resources
Standard
Victory
Conquest
Starting age
Dark Age
Ending age
Imperial Age
RankedLock teamsTeams togetherTeam positionsShared explorationLock speedFull tech treeHidden civsTurbo modeCheats
Victory
Defeat
🇨🇴 Koreans · Colombia
1477
+14
🇨🇳 Mongols · China
1439
-14
穆哥
6:30 Loom
8:51 Feudal Age
9:33 Double-Bit Axe
9:29 Horse Collar
16:19 Padded Archer Armor
22:37 Castle Age
21:17 Scale Barding Armor
23:39 Chain Barding Armor
24:36 Bloodlines
24:27 Husbandry
26:55 Gold Mining
30:05 Fletching
30:52 Elite Skirmisher
31:53 Leather Archer Armor
32:36 Bodkin Arrow
35:42 Wheelbarrow
40:58 Imperial Age
41:15 Ballistics
41:41 Bracer
42:48 Chemistry
Saruman 117
7:42 Loom
10:05 Feudal Age
10:16 Man-at-Arms
12:06 Horse Collar
15:44 Double-Bit Axe
17:17 Fletching
24:54 Castle Age
24:41 Wheelbarrow
23:58 Gold Mining
25:31 Bodkin Arrow
25:00 Crossbowman
26:40 Town Watch
26:52 Pikeman
27:33 Squires
30:13 Heavy Plow
34:03 Hand Cart
37:10 Imperial Age
35:12 Stone Mining
36:33 Ballistics
37:52 Thumb Ring
37:51 Bracer
37:13 Arbalester
39:38 Chemistry
40:36 Bow Saw
42:28 Two-Man Saw
Connection lost

Rejoining the realm…

Still unreachable

The connection could not be restored.

Session expired

The server has moved on; the page needs a fresh start.